Map: Simulacrum LE

Players

TSGSolar (Solar)

  • Race: Zerg Zerg
  • Spawn Location: 11:00

Reynor - Winner!

  • Race: Zerg Zerg
  • Spawn Location: 5:00

Event: StayAtHomestory Cup #1

VOD

Have the link to the VOD?

Description

Time

  • Played on: April 11, 2020, 12:34 p.m.
  • Length: 7:30

All games in this series

Show
View Real Time Build Order
Export as new Build Order

TSGSolar Zerg 

Build Orders: Hatch First 

Get SALT Encoding   

  12  0:02  Drone  
  13  0:12  Overlord  
  13  0:17  Drone  
  14  0:30  Drone x2  
  16  0:49  Hatchery  
  15  0:51  Drone  
  15  0:55  Drone  
  17  0:58  Drone  
  18  1:10  Extractor  
  17  1:14  Spawning Pool  
  17  1:17  Drone  
  17  1:20  Drone  
  18  1:28  Drone  
  19  1:39  Drone  
  20  1:50  Overlord  
  20  2:01  Queen x2  
  22  2:02  Drone x2  
  26  2:11  Metabolic Boost  
  26  2:13  Drone x2  
  28  2:25  Drone x2  
  30  2:33  Zergling x2  
  31  2:37  Hatchery  
  31  2:40  Drone  
  31  2:47  Evolution Chamber  
  31  2:48  Drone  
  31  2:51  Overlord  
  31  2:56  Zergling x2  
  31  2:58  Drone  
  33  3:05  Drone  
  33  3:06  Drone  
  33  3:09  Drone  
  33  3:10  Drone x2  
  38  3:13  Zergling x2  
  38  3:15  Zergling x2  
  38  3:19  Overlord  
  40  3:21  Drone  
  40  3:23  Drone  
  42  3:28  Zergling x2  
  42  3:33  Zerg Ground Armor Level 1  
  43  3:34  Drone  
  43  3:42  Zergling x8  
  43  3:43  Zergling x6  
  50  3:48  Queen  
  50  3:49  Overlord  
  50  3:54  Overlord  
  50  3:55  Drone  
  53  4:00  Zergling x2  
  54  4:04  Drone  
  54  4:07  Overlord  
  55  4:11  Zergling x2  
  55  4:16  Zergling x6, Roach Warren  
  58  4:18  Drone x2  
  58  4:20  Zergling x4  
  62  4:24  Overlord  
  62  4:27  Zergling x2  
  63  4:32  Zergling x4  
  63  4:33  Overlord  
  65  4:41  Overlord  
  65  4:52  Drone  
  66  4:53  Hatchery  
  66  4:59  Roach x6  
  76  5:02  Zergling x4  
  76  5:06  Zergling x4  
  80  5:10  Zergling x4  
  80  5:13  Zergling x4  
  84  5:18  Zergling x6  
  87  5:23  Zergling x8  
  87  5:24  Zergling x2  
  87  5:27  Zergling x2  
  92  5:30  Ravager x2  
  92  5:31  Overlord  
  92  5:33  Overlord  
  94  5:38  Overlord  
  94  5:40  Zergling x6  
  93  5:47  Zergling x2  
  93  5:48  Zergling x4  
  96  5:55  Zergling x2  
  96  5:56  Zergling x6  
  100  5:58  Overlord  
  100  5:59  Zergling x2  
  100  6:02  Ravager  
  102  6:04  Zergling x2  
  102  6:09  Zergling x6  
  106  6:16  Zergling x2  
  106  6:19  Ravager  
  106  6:20  Zergling x12  
  106  6:24  Zergling x6  
  116  6:29  Zergling x2  
  116  6:30  Zergling x4  
  116  6:36  Zergling x8  
  116  6:39  Overlord  
  120  6:40  Zergling x2  
  120  6:45  Zergling x4  
  116  6:50  Zergling x8, Ravager  
  116  6:52  Overlord  
  117  6:57  Zergling x4  
  99  7:02  Zergling x10  
  99  7:07  Zergling x10  
  84  7:12  Zergling x2  
Show
View Real Time Build Order
Export as new Build Order

Reynor Zerg - Winner!

Build Orders: Hatch First 

Get SALT Encoding   

  12  0:00  Drone  
  13  0:12  Overlord  
  13  0:17  Drone  
  14  0:31  Drone x2  
  16  0:48  Hatchery  
  15  0:52  Drone  
  15  0:55  Drone  
  17  0:58  Drone  
  18  1:08  Extractor  
  17  1:13  Spawning Pool  
  17  1:17  Drone  
  17  1:20  Drone  
  18  1:28  Drone  
  19  1:39  Drone  
  20  1:49  Drone  
  21  2:01  Drone x2, Queen x2  
  23  2:06  Evolution Chamber  
  26  2:10  Overlord  
  26  2:11  Drone  
  27  2:22  Drone  
  28  2:29  Drone  
  29  2:31  Zerg Ground Armor Level 1  
  29  2:32  Drone  
  29  2:33  Drone  
  31  2:38  Queen  
  31  2:43  Overlord  
  33  2:45  Zergling x2  
  34  2:53  Drone  
  34  2:55  Zergling x2  
  36  3:04  Drone  
  37  3:05  Drone  
  37  3:10  Overlord  
  37  3:12  Drone x3, Metabolic Boost  
  41  3:13  Zergling x2  
  41  3:15  Drone  
  43  3:20  Zergling x2  
  43  3:26  Overlord  
  46  3:34  Drone x2  
  46  3:39  Drone  
  49  3:41  Overlord  
  49  3:48  Zergling x6  
  51  3:50  Zergling x6  
  55  3:59  Zergling x4, Hatchery  
  54  4:04  Drone  
  54  4:05  Lair  
  54  4:07  Extractor  
  54  4:08  Extractor  
  53  4:10  Drone, Roach Warren  
  53  4:14  Drone  
  54  4:17  Drone  
  55  4:25  Drone  
  55  4:26  Overlord  
  55  4:27  Drone x2  
  55  4:28  Drone, Zerg Missile Weapons Level 1  
  59  4:40  Overlord  
  59  4:44  Zergling x4  
  59  4:45  Zergling x2  
  62  4:49  Overlord  
  61  4:57  Roach x5  
  71  5:06  Roach x4  
  79  5:14  Glial Reconstitution  
  79  5:18  Roach  
  79  5:19  Queen  
  82  5:22  Roach x2  
  82  5:27  Roach  
  88  5:33  Roach  
  88  5:34  Zergling x8, Roach  
  95  5:36  Zergling x4  
  95  5:40  Zergling x2  
  95  5:41  Overlord  
  95  5:46  Overlord  
  95  5:52  Overlord  
  94  6:00  Roach  
  94  6:01  Roach x2  
  100  6:07  Roach x4  
  100  6:09  Overlord  
  108  6:12  Roach  
  108  6:17  Roach  
  110  6:22  Roach  
  110  6:25  Roach  
  114  6:32  Roach x4  
  122  6:40  Spine Crawler  
  122  6:41  Roach  
  122  6:43  Overlord  
  122  6:58  Roach x4  
  116  7:03  Roach x3  
  116  7:05  Roach  
  116  7:07  Zergling x2, Roach  
  116  7:08  Zergling x2  
  101  7:18  Drone  
  101  7:28  Hatchery  
Tags
 
Add a new tag
Caveats
  • Supply blocks, unpowered buildings, or Contaminate may cause inaccurate times.
  • Supply counts are checked every 10 seconds.